 Dungeon Sprint DCSS version 0.29-a0-542-g075992c915 (webtiles) character file.

Game seed: 4616241991208150532

108056655 mhtbhm the Middleweight Champion (level 24, 373/373 HPs)
             Began as a Meteoran Transmuter on June 4, 2022.
             Was an Initiate of Gozag.
             Escaped with the Orb
             ... and 17 runes!
             The game lasted 00:50:59 (16886 turns).

mhtbhm the Middleweight Champion (MeTm)            Turns: 16886, Time: 00:50:59

Health: 373/373    AC: 16    Str: 36    XL:     24   Next: 12%
Magic:  55/55      EV: 26    Int: 21    God:    Gozag
Gold:   25687      SH:  5    Dex: 21    Spells: 34/77 levels left

rFire   + . .      SeeInvis .     - Unarmed
rCold   + . .      Faith    .   (shield currently unavailable)
rNeg    . . .      Spirit   .   (body armour currently unavailable)
rPois   +          Reflect  +   (helmet currently unavailable)
rElec   .          Harm     .   (cloak currently unavailable)
rCorr   .          Rampage  .   (gloves currently unavailable)
Will    ++++.      Rage     3%  (boots currently unavailable)
Stlth   ++........ NoTele   +   y - amulet of reflection
HPRegen 0.72/turn               D - ring of Zunekaud {Ice Will+ Int+5}
MPRegen 0.34/turn               s - ring of Miymelel {rC+ Str+5 Dex+3}

@: dragon-form (expiring), flying, glowing
A: dragon claw, dragon scales, breathe fire, flying, boosted hp, giant, sense
surroundings 3, otherworldly, glowing, explore regen, berserk 2, wild magic 1
0: Orb of Zot
}: 17/17 runes: decaying, serpentine, barnacled, slimy, elven, silver, golden,
iron, obsidian, icy, bone, abyssal, glowing, magical, fiery, dark, gossamer
a: Breathe Fire, End Transformation, Renounce Religion, Potion Petition, Call
Merchant, Bribe Branch


You escaped.
You worshipped Gozag.
Gozag was extremely pleased with you.
You were a fearsome dragon!
You visited 1 branch You collected 59601 gold pieces.
You spent 10211 gold pieces at shops.
You paid 23703 gold pieces to Gozag.

Inventory:

Missiles
 u - 3 throwing nets
 z - 7 silver javelins
Armour
 a - a +2 robe of fire resistance
 j - a +0 cloak (melded)
 t - a +0 pair of boots (melded)
 v - the +6 scale mail "Ommenab" (melded) {rF+ Str+3}
   (You bought it in a shop in the Dungeon)

   Str:       It affects your strength (+3).
   rF:        It protects you from fire.
 w - the +2 pair of gloves of Nunn (melded) {+Inv rElec Dex+3}
   (You bought it in a shop in the Dungeon)

   Dex:       It affects your dexterity (+3).
   rElec:     It insulates you from electricity.
   +Inv:      It lets you turn invisible.
 B - the +2 helmet "Kunin" (melded) {Drain rN+ rCorr Slay+2}
   (You bought it in a shop in the Dungeon)

   Slay:      It affects your accuracy & damage with ranged weapons and melee
   (+2).
   rN:        It protects you from negative energy.
   rCorr:     It protects you from acid and corrosion.
   Drain:     It drains your maximum health when unequipped.
Jewellery
 l - the ring "Igeih" {rF+ Will+ Str+6 SInv}
   (You bought it in a shop in the Dungeon)

   [ring of see invisible]

   Str:       It affects your strength (+6).
   rF:        It protects you from fire.
   SInv:      It lets you see invisible.
   Will:      It increases your willpower.
 o - an amulet of regeneration
 s - the ring of Miymelel (right foreclaw) {rC+ Str+5 Dex+3}
   (You bought it in a shop in the Dungeon)

   [ring of protection from cold]

   Str:       It affects your strength (+5).
   Dex:       It affects your dexterity (+3).
   rC:        It protects you from cold.
 y - an amulet of reflection (around neck)
 D - the ring of Zunekaud (left foreclaw) {Ice Will+ Int+5}
   (You found it in the Dungeon)

   [ring of ice]

   It enhances your ice magic.
   Int:       It affects your intelligence (+5).
   rF:        It makes you vulnerable to fire.
   rC:        It protects you from cold.
   Will:      It increases your willpower.
 J - the ring of the Firefly {rN++ Slay+3}
   (You found it in the Dungeon)

   [ring of slaying]

   Slay:      It affects your accuracy & damage with ranged weapons and melee
   (+3).
   rN:        It greatly protects you from negative energy.
Wands
 i - a wand of iceblast (5)
 F - a wand of paralysis (11)
Scrolls
 g - 2 scrolls of amnesia
 h - 2 scrolls of blinking
 p - 6 scrolls of enchant armour
 q - 12 scrolls of enchant weapon
 r - 2 scrolls of fog
 x - a scroll of fear
 E - 2 scrolls of immolation
 K - 5 scrolls of identify
Potions
 b - 3 potions of lignification
 c - 14 potions of curing
 d - 19 potions of heal wounds
 e - 3 potions of haste
 f - 7 potions of magic
 m - 7 potions of mutation
 n - a potion of resistance
 C - a potion of might
 H - a potion of flight
Miscellaneous
 k - a tin of tremorstones (2/2)
 A - a box of beasts
 G - the horn of Geryon


   Skills:
 O Level 27 Fighting
 - Level 1.5(1.9) Short Blades
 - Level 1.6(2.1) Long Blades
 - Level 1.6(2.3) Axes
 - Level 1.8(2.6) Maces & Flails
 - Level 1.6(2.3) Polearms
 - Level 1.6(2.3) Staves
 - Level 1.4(1.8) Slings
 - Level 1.4 Bows
 - Level 1.4 Crossbows
 - Level 1.6(2.0) Throwing
 O Level 27 Armour
 O Level 27 Dodging
 O Level 27 Stealth
 O Level 27 Shields
 O Level 27 Unarmed Combat
 O Level 27 Spellcasting
 O Level 27 Conjurations
 - Level 1.6 Hexes
 - Level 1.6 Summonings
 + Level 24.7 Necromancy
 - Level 1.6 Translocations
 O Level 27 Transmutations
 - Level 1.9 Fire Magic
 - Level 9.3 Ice Magic
 - Level 1.9 Air Magic
 O Level 27 Earth Magic
 - Level 2.4 Poison Magic
 - Level 2.1 Invocations
 O Level 27 Evocations


You had 34 spell levels left.
You knew the following spells:

 Your Spells              Type           Power      Damage    Failure   Level
a - Beastly Appendage     Tmut           100%       N/A       1%          1
b - Wereblood             Tmut           100%       N/A       1%          2
c - Spider Form           Tmut/Pois      87%        N/A       1%          3
d - Ice Form              Ice/Tmut       100%       N/A       1%          4
e - Blade Hands           Tmut           55%        N/A       1%          5
f - Statue Form           Tmut/Erth      74%        N/A       1%          6
g - Dragon Form           Tmut           55%        N/A       1%          7
h - Storm Form            Tmut/Air       43%        N/A       4%          7
i - Lehudib's Crystal Sp  Conj/Erth      55%        10d13     1%          8

Your spell library contained the following spells:

 Spells                   Type           Power      Damage    Failure   Level
 Sandblast                Erth           100%       2d20      1%          1
 Shock                    Conj/Air       100%       1d9       1%          1
 Passwall                 Tmut/Erth      92%        N/A       1%          2
 Dazzling Flash           Conj/Hex       100%       N/A       1%          3
 Stone Arrow              Conj/Erth      100%       3d13      1%          3
 Animate Armour           Summ/Erth      100%       N/A       1%          4
 Irradiate                Conj/Tmut      55%        3d31      1%          5
 Iron Shot                Conj/Erth      55%        9d10      1%          6
 Summon Ice Beast         Ice/Summ       79%        N/A       2%          4
 Inner Flame              Hex/Fire       46%        N/A       3%          3
 Summon Lightning Spire   Summ/Air       46%        N/A       9%          4
 Cause Fear               Hex            22%        N/A       10%         4
 Passage of Golubria      Tloc           45%        N/A       10%         4
 Silence                  Hex/Air        23%        N/A       22%         5
 Chain Lightning          Conj/Air       43%        3d57      98%         9
 Discord                  Hex            22%        N/A       100%        8
 Maxwell's Capacitive Co  Air            23%        ∞         100%        8


Dungeon Overview and Level Annotations

Branches:
Dungeon (1/1)

Altars:
Cheibriados
Dithmenos
Elyvilon
Fedhas
Gozag
Hepliaklqana
Kikubaaqudgha
Makhleb
Nemelex Xobeh
Okawaru
Qazlal
Ru
Sif Muna
Trog
Uskayaw
Vehumet
Wu Jian
Xom
Yredelemnul
Zin
The Shining One
Beogh
Jiyva
Lugonu

Shops:
D :(=[::[*??!!*::**[!


Innate Abilities, Weirdness & Mutations

You are a fearsome dragon!
You have a powerful clawing attack.
Your giant scaled body is strong and resiliant, but less evasive.
You can breathe fire.
You are flying.
Your maximum health is greatly increased.
Your armour is entirely melded.
You are incapable of wielding weapons or throwing items.
You passively map a large area around you.
You are easily found by Zot.
You glow in the dark.
You regain HP and MP as you explore.
You often lose your temper in combat.
Your spells are a little harder to cast, but a little more powerful.


Message History

There is a glowing silver altar of Zin here.
There is a basalt altar of Yredelemnul here.
There is a shimmering altar of Xom here.
There is an ornate altar of the Wu Jian Council here.
There is a radiant altar of Vehumet here.
There is a hide-covered altar of Uskayaw here.
There is a bloodstained altar of Trog here.
There is a shimmering blue altar of Sif Muna here.
There is a sacrificial altar of Ru here.
There is a stormy altar of Qazlal here.
There is an iron altar of Okawaru here.
There is a sparkling altar of Nemelex Xobeh here.
There is a burning altar of Makhleb here.
A sun demon comes into view.
The sun demon shouts!
There is a corrupted altar of Lugonu here.
There is an ancient bone altar of Kikubaaqudgha here.
The sun demon hits you but does no damage.
The sun demon completely misses you.
There is a hazy altar of Hepliaklqana here.
You maul the sun demon!!!!
You kill the sun demon!
You now have 25687 gold pieces (gained 63).
There is an opulent altar of Gozag here.
There is a blossoming altar of Fedhas here.
There is a white marble altar of Elyvilon here.
There is a shadowy altar of Dithmenos here.
There is a snail-covered altar of Cheibriados here.
There is a roughly hewn altar of Beogh here.
There is an open door to the Temple here.
You see here a +0 shortbow.
There is an open door here.
Your transformation is almost over.
You hear a bellow!
You hear a bellow!
Things that are here:
a +0 dagger; a stone; a +0 dagger
There is an open door to the Dungeon here.
There is a staircase leading out of the dungeon here.
You have escaped!

.[)).............▓
▓▓▓▓▓▓▓▓▓▓▓▓▓▓▓▓.▓
.................▓
▓▓▓▓▓▓▓▓▓▓▓▓▓▓▓▓▓▓
.[.[.....'.......▓
▓▓▓▓▓▓▓▓▓▓▓▓▓▓▓▓.▓
.................▓
▓▓▓▓▓▓▓▓▓▓▓▓▓▓▓▓▓▓
'.)...'....)'...D▓
▓▓▓▓▓▓▓▓▓▓▓▓▓▓▓▓▓▓


There were no monsters in sight!

Vanquished Creatures
  Cerebov (D)
  Asmodeus (D)
  Antaeus (D)
  Gloorx Vloq (D)
  the Royal Jelly (D)
  Ereshkigal (D)
  Lom Lobon (D)
  Mnoleg (D)
  Dispater (D)
  3 ancient liches (D)
  5 orbs of fire (D)
  4 royal mummies (D)
  Boris (twice) (D)
  Sojobo (D)
  Margery (D)
  Xtahua (D)
  2 Killer Klowns (D)
  Geryon (D)
  2 pandemonium lords (D)
  6 golden dragons (D)
  Jory (D)
  Nikola (D)
  A profane servitor (D)
  A Brimstone Fiend (D)
  5 electric golems (D)
  Rupert (D)
  5 tentacled monstrosities (D)
  A lich (D)
  2 Hell Sentinels (D)
  3 quicksilver dragons (D)
  33 Orb Guardians (D)
  3 deep elf master archers (D)
  7 acid blobs (D)
  4 deep elf blademasters (D)
  2 death cobs (D)
  Kirke (D)
  13 sphinxes (D)
  3 tengu reavers (D)
  A storm dragon (D)
  7 shadow dragons (D)
  3 azure jellies (D)
  Ilsuiw (D)
  Donald (D)
  5 nagarajas (D)
  6 fire giants (D)
  5 rockslimes (D)
  A draconian knight (D)
  Louise (D)
  A frost giant (D)
  An iron dragon (D)
  A vault warden (D)
  2 deep elf sorcerers (D)
  3 emperor scorpions (D)
  2 draconian scorchers (D)
  3 ghost moths (D)
  2 draconian stormcallers (D)
  3 ironbound preservers (D)
  2 stone giants (D)
  A war gargoyle (D)
  8 quicksilver oozes (D)
  2 ironbound thunderhulks (D)
  A lorocyproca (D)
  4 deep elf demonologists (D)
  3 green draconians (D)
  6 very ugly things (D)
  8 vampire knights (D)
  An eleionoma (D)
  2 white draconians (D)
  7 yellow draconians (D)
  An entropy weaver (D)
  A red draconian (D)
  2 black draconians (D)
  Azrael (D)
  A deep elf annihilator (D)
  A bunyip (D)
  3 purple draconians (D)
  2 blizzard demons (D)
  6 mummy priests (D)
  2 deep elf death magi (D)
  6 ettins (D)
  A deep elf high priest (D)
  4 fire dragons (D)
  6 merfolk impalers (D)
  5 merfolk javelineers (D)
  Josephine (D)
  5 yaktaur captains (D)
  4 ice dragons (D)
  A hell beast (D)
  4 hydras (D)
  25 vault guards (D)
  A great orb of eyes (D)
  4 ogre magi (D)
  Harold (D)
  2 spriggan air magi (D)
  2 boulder beetles (D)
  3 centaur warriors (D)
  5 two-headed ogres (D)
  An alligator (D)
  An ironbound frostheart (D)
  A merfolk aquamancer (D)
  5 death yaks (D)
  4 naga warriors (D)
  2 deep troll earth magi (D)
  2 tengu warriors (D)
  6 hell knights (D)
  A thrashing horror (D)
  A sun demon (D)
  A naga sharpshooter (D)
  A wretched star (D)
  A spriggan berserker (D)
  A pharaoh ant (D)
  A sea snake (D)
  2 glowing orange brains (D)
  A flayed ghost (D)
  2 cherubim (D)
  9 swamp dragons (D)
  An orb spider (D)
  2 bog bodies (D)
  2 goliath frogs (D)
  A shadow demon (D)
  A naga ritualist (D)
  2 wizards (D)
  3 ironbound convokers (D)
  A phantasmal warrior (D)
  7 wolf spiders (D)
  A deep elf pyromancer (D)
  A mana viper (D)
  2 necromancers (D)
  2 orc knights (D)
  2 ugly things (D)
  3 manticores (D)
  8 moths of wrath (D)
  2 slime creatures (D)
  A will-o-the-wisp (D)
  A cyclops (D)
  A worldbinder (D)
  Joseph (D)
  5 guardian serpents (D)
  4 naga magi (D)
  An elephant (D)
  3 black mambas (D)
  5 vault sentinels (D)
  A torpor snail (D)
  2 smoke demons (D)
  A guardian serpent (shapeshifter) (D)
  A gargoyle (D)
  3 cane toads (D)
  An orange demon (D)
  A hellion (D)
  2 komodo dragons (D)
  A yaktaur (D)
  An efreet (D)
  A red devil (D)
  A tengu conjurer (D)
  An ancient zyme (D)
  A tormentor (D)
  18 guardian mummies (D)
  4 merfolk (D)
  A wandering mushroom (D)
  A troll (D)
  A polar bear (D)
  A meliai (D)
  A tyrant leech (D)
  A bloated husk (D)
  2 blink frogs (D)
  A snapping turtle (D)
  A jumping spider (D)
  5 yaks (D)
  4 wraiths (D)
  2 large abominations (D)
  11 spriggans (D)
  2 chaos spawn (D)
  2 fire elementals (D)
  A golden eye (D)
  2 redbacks (D)
  A neqoxec (D)
  A naga (D)
  An acid dragon (D)
  2 floating eyes (D)
  8 hell hounds (D)
  12 orc warriors (D)
  5 ogres (D)
  A wolf (D)
  3 centaurs (D)
  A phantom (D)
  2 small abominations (D)
  3 bullfrogs (D)
  A kobold brigand (D)
  A killer bee (D)
  An iron imp (D)
  2 orc wizards (D)
  A hell rat (D)
  2 adders (D)
  An adder simulacrum (D)
  A dart slug (D)
  11 orcs (D)
  A bat (D)
  2 frilled lizards (D)
  2 kobolds (D)
  3 ball lightnings (D)
572 creatures vanquished.

Vanquished Creatures (collateral kills)
  A ball lightning (D)
1 creature vanquished.

Vanquished Creatures (others)
  A sixfirhy (D)
  An unseen horror (shapeshifter) (D)
  4 humans (D)
  13 ball lightnings (D)
  A block of ice (D)
  4 foxfires (D)
  2 lurking horrors (D)
26 creatures vanquished.

Grand Total: 599 creatures vanquished

Notes
Turn   | Place    | Note
-------+----------+-------------------------------------------
     0 | D        | mhtbhm the Meteoran Transmuter began the quest for the Orb.
     0 | D        | Reached XP level 1. HP: 16/16 MP: 5/5
    19 | D        | Reached skill level 5 in Unarmed Combat
    62 | D        | Noticed a centaur
    62 | D        | Noticed a phantom
    67 | D        | Reached XP level 2. HP: 23/23 MP: 5/7
    70 | D        | Killed a phantom
    71 | D        | Reached XP level 3. HP: 28/28 MP: 6/10
    71 | D        | Reached XP level 4. HP: 35/35 MP: 6/11
    72 | D        | Reached XP level 5. HP: 40/40 MP: 7/13
    76 | D        | Reached skill level 5 in Spellcasting
    78 | D        | Killed a centaur
    79 | D        | Reached skill level 5 in Dodging
    79 | D        | Reached skill level 10 in Unarmed Combat
    79 | D        | Reached skill level 5 in Transmutations
    79 | D        | Reached XP level 6. HP: 48/48 MP: 9/16
    81 | D        | Found a snail-covered altar of Cheibriados.
    81 | D        | Found a shadowy altar of Dithmenos.
    81 | D        | Found a white marble altar of Elyvilon.
    81 | D        | Found a blossoming altar of Fedhas.
    81 | D        | Found an opulent altar of Gozag.
    82 | D        | Found a hazy altar of Hepliaklqana.
    83 | D        | Found a viscous altar of Jiyva.
    84 | D        | Found an ancient bone altar of Kikubaaqudgha.
    85 | D        | Found a corrupted altar of Lugonu.
    86 | D        | Found a burning altar of Makhleb.
    87 | D        | Found a sparkling altar of Nemelex Xobeh.
    88 | D        | Found an iron altar of Okawaru.
    89 | D        | Found a stormy altar of Qazlal.
    90 | D        | Found a sacrificial altar of Ru.
    91 | D        | Found a shimmering blue altar of Sif Muna.
    92 | D        | Found a bloodstained altar of Trog.
    93 | D        | Found a hide-covered altar of Uskayaw.
    94 | D        | Found a radiant altar of Vehumet.
    95 | D        | Found an ornate altar of the Wu Jian Council.
    96 | D        | Found a shimmering altar of Xom.
    97 | D        | Found a basalt altar of Yredelemnul.
    98 | D        | Found a glowing silver altar of Zin.
    99 | D        | Found a glowing golden altar of the Shining One.
   117 | D        | Became a worshipper of Gozag Ym Sagoz the Greedy
   165 | D        | Learned a level 2 spell: Wereblood
   169 | D        | Learned a level 3 spell: Spider Form
   174 | D        | Learned a level 4 spell: Ice Form
   177 | D        | Noticed an acid dragon
   177 | D        | Noticed an orc warrior
   177 | D        | Noticed a gargoyle
   177 | D        | Noticed a yak
   181 | D        | Killed a yak
   182 | D        | Reached XP level 7. HP: 56/56 MP: 11/18
   186 | D        | Killed a gargoyle
   187 | D        | Reached XP level 8. HP: 62/63 MP: 11/21
   403 | D        | Noticed a centaur warrior
   403 | D        | Noticed a troll
   403 | D        | Noticed a manticore
   407 | D        | Reached skill level 15 in Unarmed Combat
   408 | D        | Killed an unseen horror
   409 | D        | Gained mutation: You passively map the area around you.
                  | [Meteoran growth]
   409 | D        | Reached XP level 9. HP: 71/71 MP: 18/23
   457 | D        | Killed a manticore
   458 | D        | Reached skill level 10 in Spellcasting
   458 | D        | Reached skill level 1 in Ice Magic
   464 | D        | Killed a troll
   469 | D        | Killed a centaur warrior
   470 | D        | Reached skill level 10 in Transmutations
   470 | D        | Reached XP level 10. HP: 61/80 MP: 19/26
   681 | D        | Noticed a black mamba
   681 | D        | Noticed a komodo dragon
   681 | D        | Noticed a cane toad
   681 | D        | Noticed a cane toad
   681 | D        | Noticed a cane toad
   685 | D        | Killed a cane toad
   688 | D        | Killed a cane toad
   689 | D        | Reached skill level 1 in Stealth
   689 | D        | Noticed an elephant
   691 | D        | Killed a cane toad
   692 | D        | Killed a komodo dragon
   693 | D        | Reached skill level 5 in Fighting
   696 | D        | Killed a black mamba
   697 | D        | Reached skill level 10 in Dodging
   712 | D        | Killed an elephant
   713 | D        | Reached skill level 1 in Poison Magic
   715 | D        | Reached XP level 11. HP: 56/88 MP: 28/28
   902 | D        | Noticed a black mamba
   908 | D        | Noticed a black mamba
   920 | D        | Reached skill level 5 in Ice Magic
   922 | D        | Killed a black mamba
   925 | D        | Killed a black mamba
  1263 | D        | Noticed a death yak
  1263 | D        | Noticed a death yak
  1263 | D        | Noticed a death yak
  1263 | D        | Noticed a death yak
  1267 | D        | Noticed a death yak
  1270 | D        | Killed a death yak
  1278 | D        | Killed a death yak
  1282 | D        | Killed a death yak
  1285 | D        | Killed a death yak
  1291 | D        | Killed a death yak
  1293 | D        | Reached XP level 12. HP: 47/97 MP: 30/30
  1496 | D        | Noticed Josephine
  1505 | D        | Killed Josephine
  1672 | D        | Noticed Harold
  1679 | D        | Killed Harold
  1845 | D        | Noticed an orc knight
  1856 | D        | Killed an orc knight
  2108 | D        | Found Huhiquce's Antique Armour Boutique.
  2108 | D        | Noticed an ogre mage
  2108 | D        | Noticed a two-headed ogre
  2108 | D        | Noticed a two-headed ogre
  2115 | D        | Killed a two-headed ogre
  2115 | D        | Noticed an ogre mage
  2116 | D        | Reached skill level 1 in Evocations
  2117 | D        | Killed an ogre mage
  2118 | D        | Found Xoexuzux's Jewellery Shop.
  2118 | D        | Noticed a two-headed ogre
  2120 | D        | Killed a two-headed ogre
  2122 | D        | Found Xaluuw's Weapon Boutique.
  2124 | D        | Killed an ogre mage
  2127 | D        | Killed a two-headed ogre
  2128 | D        | Reached XP level 13. HP: 91/105 MP: 28/32
  2128 | D        | Found Ymamm's Book Shop.
  2132 | D        | Noticed an ogre mage
  2133 | D        | Noticed a two-headed ogre
  2133 | D        | Noticed a two-headed ogre
  2138 | D        | Killed an ogre mage
  2140 | D        | Killed a two-headed ogre
  2145 | D        | Killed a two-headed ogre
  2147 | D        | Reached skill level 15 in Spellcasting
  2196 | D        | Bought a glowing helmet for 187 gold pieces
  2196 | D        | Bought a pair of faintly humming gloves for 237 gold pieces
  2196 | D        | Identified the +2 pair of gloves of Nunn {+Inv rElec Dex+3}
                  | (You bought it in a shop in the Dungeon)
  2214 | D        | Bought the ring of Miymelel {rC+ Str+5 Dex+3} for 683 gold
                  | pieces
  2214 | D        | Bought the ring of Noon {rPois rCorr Int-4 Stlth+} for 358
                  | gold pieces
  2214 | D        | Bought an amulet of reflection for 420 gold pieces
  2218 | D        | Bought the Tome of Glacial Changing for 476 gold pieces
  2218 | D        | Bought a book of Iron for 504 gold pieces
  2305 | D        | Learned a level 5 spell: Blade Hands
  2312 | D        | Learned a level 6 spell: Statue Form
  2364 | D        | Noticed Joseph
  2373 | D        | Killed Joseph
  2507 | D        | Noticed a seven-headed hydra
  2507 | D        | Noticed a centaur warrior
  2507 | D        | Noticed a centaur warrior
  2511 | D        | Killed a centaur warrior
  2514 | D        | Noticed a fire giant
  2518 | D        | Killed a centaur warrior
  2520 | D        | Killed a seven-headed hydra
  2530 | D        | Killed a fire giant
  2531 | D        | Reached skill level 15 in Transmutations
  2534 | D        | Noticed a tengu reaver
  2611 | D        | Noticed a fire giant
  2937 | D        | Reached skill level 1 in Shields
  2943 | D        | Killed a tengu reaver
  2949 | D        | Killed a fire giant
  2954 | D        | Reached skill level 27 in Unarmed Combat
  3257 | D        | Noticed Azrael
  3260 | D        | Reached skill level 1 in Earth Magic
  3269 | D        | Killed Azrael
  3270 | D        | Reached XP level 14. HP: 115/115 MP: 31/36
  3332 | D        | Bought 2 potions of heal wounds for 110 gold pieces
  3332 | D        | Bought a potion of curing for 33 gold pieces
  3332 | D        | Bought a potion of haste for 110 gold pieces
  3332 | D        | Bought a potion of haste for 110 gold pieces
  3332 | D        | Bought a potion of curing for 33 gold pieces
  3334 | D        | Bought a tin of tremorstones (2/2) for 520 gold pieces
  3338 | D        | Bought a brightly glowing lapis lazuli ring for 105 gold
                  | pieces
  3338 | D        | Identified the ring "Igeih" {rF+ Will+ Str+6 SInv} (You
                  | bought it in a shop in the Dungeon)
  3338 | D        | Bought a box of beasts for 840 gold pieces
  3338 | D        | Bought 2 scrolls labelled WUPUZE FE CETA for 42 gold pieces
  3338 | D        | Bought a scroll of identify for 42 gold pieces
  3338 | D        | Bought a jewelled cloak for 199 gold pieces
  3338 | D        | Identified the +0 cloak of Zin's Outrage {rPois Will- Int+5
                  | Dex+4} (You bought it in a shop in the Dungeon)
  3338 | D        | Bought a fizzy grey potion for 18 gold pieces
  3338 | D        | Bought a potion of heal wounds for 105 gold pieces
  3338 | D        | Bought a blue potion for 18 gold pieces
  3349 | D        | Noticed an eleionoma
  3349 | D        | Noticed a bunyip
  3355 | D        | Killed a bunyip
  3361 | D        | Killed an eleionoma
  3556 | D        | Reached skill level 5 in Stealth
  3573 | D        | Noticed an entropy weaver
  3577 | D        | Killed an entropy weaver
  3592 | D        | Reached skill level 5 in Earth Magic
  3603 | D        | Reached skill level 5 in Shields
  3763 | D        | Noticed a nagaraja
  3763 | D        | Noticed a nagaraja
  3767 | D        | Noticed a nagaraja
  3767 | D        | Killed a nagaraja
  3771 | D        | Killed a nagaraja
  3776 | D        | Reached skill level 15 in Dodging
  3779 | D        | Killed a nagaraja
  3813 | D        | Noticed a merfolk javelineer
  3816 | D        | Killed a merfolk javelineer
  3817 | D        | Noticed a merfolk javelineer
  3833 | D        | Reached XP level 15. HP: 112/124 MP: 39/39
  4027 | D        | Noticed Kirke
  4036 | D        | Killed Kirke
  4172 | D        | Noticed an iron dragon
  4176 | D        | Paralysed by a floating eye for 4 turns
  4176 | D        | Noticed a fire giant
  4182 | D        | Paralysed by a floating eye for 2 turns
  4185 | D        | Noticed a fire giant
  4190 | D        | Killed an iron dragon
  4688 | D        | Killed a fire giant
  4706 | D        | Killed a fire giant
  4780 | D        | Noticed a brown very ugly thing
  4785 | D        | Killed a brown very ugly thing
  4789 | D        | Reached skill level 10 in Fighting
  4985 | D        | Noticed an ironbound preserver
  4988 | D        | Noticed an ironbound preserver
  4993 | D        | Killed an ironbound preserver
  4993 | D        | Noticed an ironbound thunderhulk
  4994 | D        | Reached skill level 10 in Earth Magic
  5005 | D        | Killed an ironbound preserver
  5009 | D        | Killed an ironbound thunderhulk
  5018 | D        | Noticed an ironbound thunderhulk
  5030 | D        | Reached XP level 16. HP: 104/135 MP: 41/43
  5250 | D        | Noticed Jory
  5260 | D        | Killed Jory
  5286 | D        | Noticed Margery
  5292 | D        | Noticed Rupert
  5298 | D        | Killed Margery
  5338 | D        | Killed Rupert
  5339 | D        | Reached skill level 5 in Evocations
  5769 | D        | Noticed Nikola
  5777 | D        | Killed Nikola
  5778 | D        | Reached skill level 10 in Shields
  5782 | D        | Noticed Donald
  5792 | D        | Killed Donald
  5861 | D        | Noticed an emperor scorpion
  5866 | D        | Noticed an emperor scorpion
  5876 | D        | Killed an emperor scorpion
  5883 | D        | Killed an emperor scorpion
  5890 | D        | Noticed an emperor scorpion
  5897 | D        | Noticed a ghost moth
  5899 | D        | Killed an emperor scorpion
  5907 | D        | Killed a ghost moth
  5914 | D        | Got a gossamer rune of Zot
  6029 | D        | Bought a potion of heal wounds for 75 gold pieces
  6029 | D        | Bought a potion of curing for 45 gold pieces
  6029 | D        | Bought a potion of mutation for 120 gold pieces
  6029 | D        | Bought a potion of might for 60 gold pieces
  6029 | D        | Bought a potion of mutation for 120 gold pieces
  6029 | D        | Bought a potion of haste for 150 gold pieces
  6029 | D        | Bought a potion of mutation for 120 gold pieces
  6037 | D        | Bought a scroll of blinking for 105 gold pieces
  6037 | D        | Bought a scroll of fear for 49 gold pieces
  6041 | D        | Bought a scroll of magic mapping for 70 gold pieces
  6071 | D        | Reached XP level 17. HP: 144/144 MP: 45/45
  6078 | D        | Noticed a nagaraja
  6081 | D        | Noticed a nagaraja
  6092 | D        | Killed a nagaraja
  6096 | D        | Reached skill level 15 in Earth Magic
  6097 | D        | Killed a nagaraja
  6122 | D        | Got a serpentine rune of Zot
  6146 | D        | Got a decaying rune of Zot
  6189 | D        | Noticed Ilsuiw
  6202 | D        | Killed Ilsuiw
  6243 | D        | Got a barnacled rune of Zot
  6355 | D        | Noticed Boris
  6363 | D        | Killed Boris
  6364 | D        | Reached skill level 10 in Stealth
  6519 | D        | Gained mutation: You passively map a large area around you.
                  | [Meteoran growth]
  6519 | D        | Reached XP level 18. HP: 154/154 MP: 46/48
  6604 | D        | Bought a book of the Sky for 572 gold pieces
  6609 | D        | Bought a book of Transfigurations for 520 gold pieces
  6617 | D        | Learned a level 7 spell: Dragon Form
  6625 | D        | Learned a level 7 spell: Storm Form
  6662 | D        | Noticed a sphinx
  6678 | D        | Killed a sphinx
  6683 | D        | Noticed a tentacled monstrosity
  6683 | D        | Noticed a tentacled monstrosity
  6684 | D        | Found the +13 scythe of Curses {drain, Drain}
  6686 | D        | Reached skill level 27 in Dodging
  6686 | D        | Reached skill level 27 in Spellcasting
  6689 | D        | Killed a tentacled monstrosity
  6694 | D        | Reached skill level 27 in Transmutations
  6696 | D        | Killed a tentacled monstrosity
  6699 | D        | Identified the ring of Zunekaud {Ice Will+ Int+5}
  6705 | D        | Reached skill level 15 in Shields
  6714 | D        | Got a silver rune of Zot
  6720 | D        | Got Sif Muna's Tome of the Damaging Mountains
  6907 | D        | Noticed Xtahua
  6915 | D        | Killed Xtahua
  6969 | D        | Got the ring of Jotudi {Str+3 Stlth+}
  6971 | D        | Got the amulet "Jyrirayf" {RegenMP Int+3}
  6973 | D        | Got the ring of the Firefly {rN++ Slay+3}
  6975 | D        | Got the ring of Runiox {rC- MP+9 Int+6 SInv}
  6977 | D        | Got the ring of Jopiol {Ice rPois}
  6981 | D        | Found the +6 arbalest "Damnation" {damnation}
  7096 | D        | Noticed Sojobo
  7107 | D        | Killed Sojobo
  7126 | D        | Noticed Louise
  7134 | D        | Killed Louise
  7395 | D        | Reached skill level 15 in Fighting
  7414 | D        | Reached skill level 15 in Stealth
  7427 | D        | Reached XP level 19. HP: 172/172 MP: 51/51
  7471 | D        | Noticed an electric golem
  7471 | D        | Noticed a tentacled monstrosity
  7478 | D        | Killed a tentacled monstrosity
  7483 | D        | Killed an electric golem
  7683 | D        | Noticed a golden dragon
  7683 | D        | Noticed a quicksilver dragon
  7683 | D        | Noticed a golden dragon
  7687 | D        | Killed a golden dragon
  7692 | D        | Killed a quicksilver dragon
  7696 | D        | Killed a golden dragon
  7712 | D        | Noticed a golden dragon
  7732 | D        | Killed a golden dragon
  7737 | D        | Noticed a quicksilver dragon
  7746 | D        | Killed a quicksilver dragon
  7963 | D        | Noticed an Orb Guardian
  7963 | D        | Noticed an Orb Guardian
  7963 | D        | Noticed an Orb Guardian
  7963 | D        | Noticed an Orb Guardian
  7963 | D        | Noticed an Orb Guardian
  7963 | D        | Noticed an Orb Guardian
  7967 | D        | Killed an Orb Guardian
  7969 | D        | Killed an Orb Guardian
  7969 | D        | Noticed an Orb Guardian
  7970 | D        | Killed an Orb Guardian
  7973 | D        | Killed an Orb Guardian
  7974 | D        | Reached XP level 20. HP: 200/200 MP: 45/52
  7974 | D        | Noticed an Orb Guardian
  7977 | D        | Killed an Orb Guardian
  7978 | D        | Noticed an Orb Guardian
  7980 | D        | Killed an Orb Guardian
  7981 | D        | Noticed an Orb Guardian
  7982 | D        | Killed an Orb Guardian
  7985 | D        | Killed an Orb Guardian
  7989 | D        | Killed an Orb Guardian
  7992 | D        | Killed an Orb Guardian
  7997 | D        | Noticed a golden dragon
  7997 | D        | Noticed an Orb Guardian
  7997 | D        | Noticed an Orb Guardian
  7997 | D        | Noticed a tentacled monstrosity
  7999 | D        | Killed a tentacled monstrosity
  8000 | D        | Noticed an Orb Guardian
  8001 | D        | Noticed an Orb Guardian
  8009 | D        | Killed an Orb Guardian
  8012 | D        | Killed an Orb Guardian
  8016 | D        | Killed a golden dragon
  8019 | D        | Killed an Orb Guardian
  8024 | D        | Killed an Orb Guardian
  8029 | D        | Noticed an ancient lich
  8032 | D        | Killed an ancient lich
  8036 | D        | Noticed an orb of fire
  8040 | D        | Killed an orb of fire
  8043 | D        | Noticed an electric golem
  8046 | D        | Noticed an orb of fire
  8046 | D        | Noticed an orb of fire
  8046 | D        | Noticed an electric golem
  8046 | D        | Noticed an electric golem
  8050 | D        | Noticed an orb of fire
  8051 | D        | Killed an electric golem
  8118 | D        | Gained mutation: Your spells are a little harder to cast,
                  | but a little more powerful. [an orb of fire]
  8482 | D        | Gained mutation: You tend to lose your temper in combat.
                  | [an orb of fire]
  8488 | D        | Killed an orb of fire
  8583 | D        | Killed an electric golem
  8795 | D        | Killed an electric golem
  8834 | D        | Killed an orb of fire
  8836 | D        | Noticed a Killer Klown
  8841 | D        | Killed an orb of fire
  8849 | D        | Killed a Killer Klown
  8941 | D        | Noticed an orb of fire
  8944 | D        | Gained mutation: You often lose your temper in combat. [an
                  | orb of fire]
  8947 | D        | Killed an orb of fire
  8948 | D        | Reached skill level 27 in Fighting
  8949 | D        | Noticed a tentacled monstrosity
  8950 | D        | Noticed a Killer Klown
  8953 | D        | Noticed a golden dragon
  8954 | D        | Killed a tentacled monstrosity
  8956 | D        | Noticed an electric golem
  8961 | D        | Killed a golden dragon
  8962 | D        | Reached XP level 21. HP: 224/224 MP: 48/53
  8971 | D        | Killed an electric golem
  8971 | D        | Noticed a golden dragon
  8973 | D        | Killed a Killer Klown
  8978 | D        | Killed a golden dragon
  9078 | D        | Reached skill level 27 in Shields
  9084 | D        | Reached skill level 27 in Stealth
  9200 | D        | Noticed an ancient lich
  9200 | D        | Noticed an ancient lich
  9204 | D        | Killed an ancient lich
  9205 | D        | Reached skill level 1 in Short Blades
  9205 | D        | Reached skill level 1 in Long Blades
  9205 | D        | Reached skill level 1 in Axes
  9205 | D        | Reached skill level 1 in Maces & Flails
  9205 | D        | Reached skill level 1 in Polearms
  9205 | D        | Reached skill level 1 in Staves
  9205 | D        | Reached skill level 1 in Slings
  9205 | D        | Reached skill level 1 in Bows
  9205 | D        | Reached skill level 1 in Crossbows
  9205 | D        | Reached skill level 1 in Throwing
  9205 | D        | Reached skill level 1 in Armour
  9205 | D        | Reached skill level 1 in Hexes
  9205 | D        | Reached skill level 1 in Summonings
  9205 | D        | Reached skill level 1 in Necromancy
  9205 | D        | Reached skill level 1 in Translocations
  9205 | D        | Reached skill level 1 in Fire Magic
  9205 | D        | Reached skill level 1 in Air Magic
  9211 | D        | Killed an ancient lich
  9214 | D        | Reached skill level 10 in Evocations
  9300 | D        | Reached skill level 10 in Armour
  9337 | D        | Reached skill level 15 in Evocations
  9357 | D        | Reached XP level 22. HP: 216/233 MP: 54/54
  9360 | D        | Reached skill level 15 in Armour
  9381 | D        | Noticed the Royal Jelly
  9874 | D        | Killed the Royal Jelly
 10480 | D        | Got an elven rune of Zot
 10511 | D        | Paralysed by a floating eye for 4 turns
 10525 | D        | Paralysed by a floating eye for 4 turns
 10550 | D        | Got a slimy rune of Zot
 10802 | D        | Reached skill level 27 in Evocations
 10879 | D        | Bought a potion of heal wounds for 115 gold pieces
 10879 | D        | Bought a potion of might for 92 gold pieces
 10879 | D        | Bought a potion of curing for 69 gold pieces
 10879 | D        | Bought a potion of curing for 69 gold pieces
 10879 | D        | Bought a potion of curing for 69 gold pieces
 10881 | D        | Bought the +2 helmet "Kunin" {Drain rN+ rCorr Slay+2} for
                  | 613 gold pieces
 10896 | D        | Bought a book of the Moon for 640 gold pieces
 10905 | D        | Learned a level 8 spell: Lehudib's Crystal Spear
 10918 | D        | Reached skill level 27 in Earth Magic
 10939 | D        | Reached skill level 5 in Conjurations
 11164 | D        | Bought a potion of haste for 140 gold pieces
 11165 | D        | Bought the +6 scale mail "Ommenab" {rF+ Str+3} for 1248
                  | gold pieces
 11182 | D        | Noticed a royal mummy
 11182 | D        | Noticed a royal mummy
 11193 | D        | Killed a royal mummy
 11201 | D        | Killed a royal mummy
 11202 | D        | Reached skill level 10 in Conjurations
 11587 | D        | Noticed a royal mummy
 11587 | D        | Noticed a royal mummy
 11593 | D        | Killed a royal mummy
 11604 | D        | Killed a royal mummy
 11616 | D        | Got a golden rune of Zot
 11976 | D        | Got an abyssal rune of Zot
 12537 | D        | Noticed Geryon
 12550 | D        | Killed Geryon
 12556 | D        | Found the +6 sword of Cerebov {flame}
 12556 | D        | Noticed Cerebov
 12556 | D        | Noticed Mnoleg
 12557 | D        | Found the +4 staff of Dispater
 12557 | D        | Noticed Dispater
 12561 | D        | Killed Mnoleg
 12562 | D        | Reached XP level 23. HP: 240/240 MP: 55/55
 12563 | D        | Found the +7 sceptre of Asmodeus
 12563 | D        | Noticed Asmodeus
 12574 | D        | Killed Cerebov
 12575 | D        | Reached skill level 27 in Armour
 12593 | D        | Killed Asmodeus
 12595 | D        | Noticed Antaeus
 12597 | D        | Killed Dispater
 12602 | D        | Got a glowing rune of Zot
 12965 | D        | Killed Antaeus
 13229 | D        | Noticed Lom Lobon
 13874 | D        | Killed Lom Lobon
 14409 | D        | Got a fiery rune of Zot
 14417 | D        | Got an iron rune of Zot
 14421 | D        | Got an obsidian rune of Zot
 14423 | D        | Noticed Ereshkigal
 14442 | D        | Noticed Gloorx Vloq
 14455 | D        | Killed Ereshkigal
 14456 | D        | Reached skill level 27 in Conjurations
 14471 | D        | Killed Gloorx Vloq
 14475 | D        | Got a magical rune of Zot
 14479 | D        | Got a bone rune of Zot
 14483 | D        | Got a dark rune of Zot
 14493 | D        | Got an icy rune of Zot
 14928 | D        | Got the Orb of Zot
 15244 | D        | Reached skill level 15 in Necromancy
 15267 | D        | Noticed Edwydd the pandemonium lord
 15273 | D        | Killed Edwydd the pandemonium lord
 15870 | D        | Noticed Acirghiysch the pandemonium lord
 15877 | D        | Killed Acirghiysch the pandemonium lord
 15928 | D        | Noticed a profane servitor
 15936 | D        | Killed a profane servitor
 16162 | D        | Noticed Boris
 16167 | D        | Killed Boris
 16249 | D        | Reached XP level 24. HP: 249/249 MP: 55/55
 16886 | D        | Escaped with the Orb!

Illustrated notes

Levels and vault maps discovered:
D:        linesprint [early_d, line_temple, items_1, d_10, items_2, lair_1,
          lair_end, items_3, orc_1, orc_end, items_4, d_15, swamp_1, shoals_1,
          snake_1, spider_1, d_20, vaults_1, items_5, swamp_end, shoals_end,
          snake_end, spider_end, vaults_end, d_27, items_6, zot_1, zot_end,
          crypt_end, forest_end, elf_end, slime_end, tomb_end, abyss_end,
          pan_hell_end]

Skill      XL: |  1  2  3  4  5  6  7  8  9 10 11 12 13 14 15 16 17 18 19 20 21 22 23 24 |
---------------+-------------------------------------------------------------------------+-----
Unarmed Combat | 5 8 10 12 13 15 17 19 22 25 27 | 27.0
Spellcasting   | 3 4 6 7 8 9 11 12 13 14 17 19 22 23 25 27 | 27.0
Dodging        | 4 5 6 7 9 10 11 12 13 15 19 23 25 27 | 27.0
Transmutations | 4 5 6 7 8 10 12 13 14 16 19 21 23 25 27 | 27.0
Fighting       | 2 3 4 5 6 7 8 9 10 11 12 16 22 27 | 27.0
Ice Magic      | 3 4 6 7 8 9 |  9.3
Stealth        | 1 3 4 5 6 7 11 15 19 24 27 | 27.0
Poison Magic   | 1 2 |  2.4
Evocations     | 2 3 4 6 15 27 | 27.0
Shields        | 2 6 8 11 13 17 22 25 27 | 27.0
Earth Magic    | 1 7 10 14 17 19 21 22 25 27 | 27.0
Short Blades   | 1 |  1.5
Long Blades    | 1 |  1.6
Axes           | 1 |  1.6
Maces & Flails | 1 |  1.8
Polearms       | 1 |  1.6
Staves         | 1 |  1.6
Slings         | 1 |  1.4
Bows           | 1 |  1.4
Crossbows      | 1 |  1.4
Throwing       | 1 |  1.6
Armour         | 14 26 27 | 27.0
Conjurations   | 2 11 27 | 27.0
Hexes          | 1 |  1.6
Summonings     | 1 |  1.6
Necromancy     | 1 22 24 | 24.7
Translocations | 1 |  1.6
Fire Magic     | 1 |  1.9
Air Magic      | 1 |  1.9
Invocations    | 2 |  2.1

Action                   |  1- 3 |  4- 6 |  7- 9 | 10-12 | 13-15 | 16-18 | 19-21 | 22-24 || total
-------------------------+-------+-------+-------+-------+-------+-------+-------+-------++-------
Melee: Unarmed           |    15 |    10 |    30 |   141 |   213 |   314 |   241 |   305 ||  1269
       Kick              |     4 |       |       |       |       |       |       |       ||     4
       Headbutt          |       |     2 |       |       |       |       |       |       ||     2
       Punch             |       |       |       |       |    41 |    54 |    40 |    60 ||   195
       Tailslap          |       |       |       |       |       |    18 |    47 |    34 ||    99
       Bite              |       |       |       |       |       |    11 |    27 |    31 ||    69
 Cast: Beastly Appendage |     2 |       |       |       |     1 |     1 |     1 |       ||     5
       Ice Form          |       |     1 |     2 |     8 |     3 |       |       |     1 ||    15
       Wereblood         |       |     1 |     2 |     7 |    15 |    12 |     8 |     8 ||    53
       Spider Form       |       |       |     1 |       |       |       |       |       ||     1
       Blade Hands       |       |       |       |       |     3 |       |       |     1 ||     4
       Statue Form       |       |       |       |       |    10 |    10 |     1 |     7 ||    28
       Dragon Form       |       |       |       |       |       |     5 |    10 |    19 ||    34
       Lehudib's Crystal |       |       |       |       |       |       |       |    22 ||    22
Invok: Call Merchant     |       |       |       |       |     4 |     5 |       |     6 ||    15
       Potion Petition   |       |       |       |       |       |     4 |       |     1 ||     5
 Abil: Breathe Fire      |       |       |       |       |       |     1 |       |       ||     1
       End Transformatio |       |       |       |       |       |     1 |       |       ||     1
Evoke: Wand              |       |       |       |     4 |     1 |       |       |       ||     5
       Tin of tremorston |       |       |       |       |     1 |     2 |       |     1 ||     4
       Box of beasts     |       |       |       |       |       |     1 |       |     2 ||     3
       Horn of Geryon    |       |       |       |       |       |       |       |     1 ||     1
  Use: Potion            |     1 |       |       |     1 |     1 |     2 |     2 |    22 ||    29
       Scroll            |       |       |       |       |     3 |     4 |     1 |     2 ||    10
 Stab: Distracted        |       |       |       |     2 |     2 |    10 |    11 |     5 ||    30
       Sleeping          |       |       |       |       |       |       |     1 |     2 ||     3
Armor: Robe              |     2 |       |       |       |     5 |     1 |       |     7 ||    15
       Skin              |       |       |    13 |     9 |    71 |    86 |    41 |    64 ||   284
       Scale mail        |       |       |       |       |       |       |       |     1 ||     1
Dodge: Dodged            |     9 |     5 |    22 |    43 |   112 |   179 |   109 |   160 ||   639
Block: Other             |       |       |       |       |    26 |    44 |    20 |    34 ||   124
       Reflection        |       |       |       |       |       |     2 |     1 |       ||     3

Table legend: (Time is in decaauts) A = Elapsed time spent in this place. B = Non-inter-level travel time spent in this place. C = Inter-level travel time spent in this place. D = Time resting spent in this place. E = Time spent auto-exploring this place. F = Levels seen in this place. G = Mean time per level. A B C D E F G +--------+--------+--------+--------+--------+-----+--------+ Total | 17069 | 16294 | 775 | 6018 | 3384 | 1 | 17069.0 | Dungeon | 17069 | 16294 | 775 | 6018 | 3384 | 1 | 17069.0 | +--------+--------+--------+--------+--------+-----+--------+

Top non-repeatable levels by time:
       D: 17069 daAuts
